 Dungeon Crawl Stone Soup version 0.24-a0-264-gf46a388 (webtiles) character file.

Game seed: 11990092405495344506

204 mopl the Bolt Thrower (level 6, -3/46 HPs)
             Began as a Formicid Hunter on Apr 19, 2019.
             Splashed by Ijyb's acid (14 damage)
             ... on level 4 of the Dungeon.
             The game lasted 00:05:33 (3433 turns).

mopl the Bolt Thrower (Formicid Hunter)             Turns: 3433, Time: 00:05:34

Health: -3/46      AC: 11    Str: 19    XL:     6   Next: 9%
Magic:  15/15      EV:  3    Int: 10    God:
Gold:   221        SH: 14    Dex: 11    Spells: 5/5 levels left

rFire    . . .     SeeInvis +   a - +1 hand crossbow
rCold    . . .     Gourm    .   g - +0 shield
rNeg     . . .     Faith    .   j - +0 plate armour
rPois    .         Spirit   .   (helmet unavailable)
rElec    .         Reflect  +   l - +0 cloak
rCorr    .         Harm     .   (no gloves)
MR       .....                  (no boots)
Stlth    ..........             s - +5 amulet of reflection
HPRegen  0.15/turn              e - ring of magical power
MPRegen  0.14/turn              (no ring)

@: no status effects
A: permanent stasis, dig shafts and tunnels, four strong arms, antennae 3
a: Dig, Shaft Self


You were on level 4 of the Dungeon.
You were hungry.

You visited 1 branch of the dungeon, and saw 4 of its levels.
You visited the Abyss 1 time.

You collected 221 gold pieces.

Inventory:

Hand Weapons
 a - a +1 hand crossbow (weapon)
 b - a +0 spear
Missiles
 d - 51 bolts (quivered)
 n - 7 poisoned needles
Armour
 g - a +0 shield (worn)
 j - a +0 plate armour (worn)
 l - a +0 cloak (worn)
Jewellery
 e - a ring of magical power (left hand)
 s - a +5 amulet of reflection (around neck)
Scrolls
 c - a scroll of teleportation {unknown}
 o - a scroll of magic mapping {unknown}
 p - a scroll of blinking {unknown}
 r - a scroll of fog {unknown}
 t - a scroll of identify
Potions
 h - a potion of mutation {!q}
 i - 2 potions of curing
 k - a potion of brilliance
 m - a potion of lignification {!q}
Comestibles
 f - 8 rations


   Skills:
 - Level 2.8 Fighting
 * Level 6.0 Crossbows
 - Level 1.7 Dodging
 - Level 1.2 Stealth
 + Level 2.9 Shields


You had 5 spell levels left.
You didn't know any spells.
Your spell library was empty.

Dungeon Overview and Level Annotations

Branches:
Dungeon (4/15)
 Temple: D:4-7

Altars:

Annotations:
D:4 Ijyb


Innate Abilities, Weirdness & Mutations

You cannot be hasted, slowed, berserked, paralysed or teleported.
You can dig through walls and to a lower floor.
Your four strong arms can wield two-handed weapons with a shield.
You have a pair of large antennae on your head. (SInv)


Message History

You block the hound skeleton's attack. The hound skeleton bites you.
Ijyb hits you but does no damage.
Unknown command.
Firing (i - inventory)
d - 53 bolts (quivered)
Press: ? - help, Shift-Dir - straight line, f/p - Ijyb
Aim: Ijyb, wielding a +0 club, wearing a +0 scale mail and carrying a wand of acid (4) (heavily wounded)
You shoot a bolt. The bolt hits Ijyb.
Ijyb is almost dead.
You block the hound skeleton's attack. Ijyb completely misses you.
The hound skeleton barely misses you.
Unknown command.
Firing (i - inventory)
d - 52 bolts (quivered)
Press: ? - help, Shift-Dir - straight line, f/p - Ijyb
Aim: Ijyb, wielding a +0 club, wearing a +0 scale mail and carrying a wand of acid (4) (almost dead)
You shoot a bolt. The bolt barely misses Ijyb.
The hound skeleton bites you but does no damage.
Ijyb zaps a wand.
The bolt of acid hits you!
* * * LOW HITPOINT WARNING * * *
You are splashed with acid!
You die...

########
#..Z.<.#
#.@....#
#.g....#
#.(.......
#(........
#......###
#.(....#
########


You could see Ijyb and a hound skeleton.

Vanquished Creatures
  An orc priest (D:3)
  Natasha (thrice) (D:2)
  2 adders (D:3)
  4 worms
  A dart slug (D:1)
  5 leopard geckos
  5 orcs (D:3)
  3 giant cockroaches
  5 goblins
  6 hobgoblins
  3 quokkas (D:3)
  A ball python (D:1)
  6 bats
  5 frilled lizards
  5 kobolds
  6 rats
61 creatures vanquished.

Vanquished Creatures (others)
  A bat (D:1)
  A frilled lizard (D:1)
2 creatures vanquished.

Grand Total: 63 creatures vanquished

Notes
Turn   | Place    | Note
-------+----------+-------------------------------------------
     0 | D:1      | mopl the Formicid Hunter began the quest for the Orb.
     0 | D:1      | Reached XP level 1. HP: 16/16 MP: 1/1
   323 | D:1      | Reached XP level 2. HP: 23/23 MP: 2/2
   858 | D:1      | Reached XP level 3. HP: 28/28 MP: 3/3
   973 | D:1      | Cast into level 1 of the Abyss (a distortion unwield)
  1018 | Abyss:1  | Found a burning altar of Makhleb.
  1026 | Abyss:1  | Found a corrupted altar of Lugonu.
  1026 | Abyss:1  | Noticed a large abomination
  1073 | D:1      | Escaped the Abyss
  1680 | D:2      | Noticed Natasha
  1704 | D:2      | Killed Natasha
  1704 | D:2      | Reached skill level 5 in Crossbows
  1704 | D:2      | Reached skill level 1 in Shields
  1704 | D:2      | Reached XP level 4. HP: 13/34 MP: 4/4
  1852 | D:2      | Noticed Natasha
  1863 | D:2      | Killed Natasha
  1891 | D:2      | Noticed Natasha
  1905 | D:2      | Killed Natasha
  1905 | D:2      | Reached skill level 2 in Shields
  1905 | D:2      | Reached XP level 5. HP: 40/40 MP: 5/5
  2707 | D:3      | Reached skill level 6 in Crossbows
  2707 | D:3      | Reached XP level 6. HP: 30/46 MP: 6/6
  3234 | D:4      | Noticed Ijyb
  3433 | D:4      | Splashed by Ijyb's acid

Levels and vault maps discovered:
D:1:      scummos_arrival_checkerplants, layout_loops_corners,
          minmay_hexomino_p4
D:2:      layout_basic, serial_corexii_hall, chequers_hall_statues_y,
          corexii_hall_statues_u, kennysheep_generic_room_7, uniq_natasha
D:3:      layout_rooms
D:4:      layout_rooms, lemuel_another_geyser, uniq_blork_the_orc, uniq_ijyb
Abyss:1

Skill      XL: |  1  2  3  4  5 |
---------------+----------------+-----
Crossbows      | 5 6 |  6.0
Shields        | 1 2 |  2.9
Fighting       | |  2.8
Dodging        | |  1.7
Stealth        | |  1.2

Action                   |  1- 3 |  4- 6 || total
-------------------------+-------+-------++-------
Melee: Short sword       |    17 |       ||    17
       Spear             |    64 |   187 ||   251
       Whip              |    33 |       ||    33
 Fire: Hand crossbow     |     4 |    46 ||    50
 Abil: Dig               |     3 |     1 ||     4
  Use: Scroll            |     3 |     1 ||     4
 Stab: Sleeping          |     2 |       ||     2
  Eat: Chunk             |     3 |     5 ||     8
Armor: Leather armour    |    12 |       ||    12
       Chain mail        |    40 |       ||    40
       Plate armour      |    19 |   142 ||   161
Dodge: Dodged            |    41 |    31 ||    72
Block: Shield            |    36 |   114 ||   150

Table legend:
 A = Non-vault XP
 B = Vault XP
 C = Vault XP percentage of total XP
 D = Non-vault monster count
 E = Vault monster count
 F = Vault count percentage of total count
                 A         B        C        D         E       F
            +---------+---------+-------+---------+---------+-------
      Total |     248 |      44 |  15.1 |      56 |       7 |  11.1
            +---------+---------+-------+---------+---------+-------
        D:1 |      40 |       3 |   7.0 |      23 |       2 |   8.0
        D:2 |      90 |      41 |  31.3 |      10 |       5 |  33.3
        D:3 |     118 |       0 |   0.0 |      23 |       0 |   0.0
            +---------+---------+-------+---------+---------+-------
